Construct Section Command Post
Construct Platoon Command Post
Unlock M3 Stuart Light Tanks
Selects Air and Sea Battlegroup
Selects Commando Section Paradrop
Unlock Bishop Self-propelled Artillery
Bishop Self-propelled Artillery
Commando Section Paradrop
Selects M1 Pack Howitzer Paradrop
Bishop Self-propelled Artillery
Selects Anti-tank Rocket Loiter
Commando Section Paradrop
Bishop Self-propelled Artillery
Selects Centaur Medium Tank
Construct Company Command Post
Unlock M3 Grant Medium Tanks
Selects Naval Bombardment